[Event "EICC 2019"]
[Site "Skopia"]
[Date "2019.03.26"]
[Round "8.1"]
[White "Grandelius, Nils"]
[Black "Piorun, Kacper"]
[Result "1/2-1/2"]
[ECO "B11"]
[WhiteElo "2694"]
[BlackElo "2631"]
[Annotator "ChessBase"]
[PlyCount "44"]
[EventDate "2019.03.18"]
[EventType "swiss"]
[EventCountry "MKD"]
[SourceTitle "playchess.com"]
[Source "ChessBase"]
[SourceQuality "1"]
[TimeControl "40/5400+30:1800+30"]

1. e4 c6 2. Nf3 d5 3. Nc3 Bg4 4. h3 Bxf3 5. Qxf3 Nf6 6. d4 e6 7. Bd3 dxe4 8. Nxe4 Qxd4 9. O-O Be7 10. Bf4 Nbd7 11. c3 Qd5 12. Rfd1 Ne5 13. Qe3 Nxd3 14. Nxf6+ Bxf6 15. Rxd3 Qf5 16. Bd6 Bg5 17. Qd4 Bf6 18. Qe3 h5 19. Rad1 Bg5 20. Qd4 Bf6 21. Qe3 Bg5 22. Qd4 Bf6 1/2-1/2